 Dungeon Crawl Stone Soup version 0.15.2 (webtiles) character file.

1802 Heini the Basher (level 8, 0/74 HPs)
             Began as a Minotaur Fighter on Feb 3, 2015.
             Succumbed to kroki's ghost's poison
             ... on Level 7 of the Dungeon.
             The game lasted 00:17:07 (5197 turns).

Heini the Basher (Minotaur Fighter)                 Turns: 5197, Time: 00:17:07

HP   0/74        AC 11     Str 24      XL: 8   Next: 83%
MP   3/3         EV  7     Int  5      God:
Gold 221         SH  9     Dex  9      Spells:  0 memorised,  7 levels left

rFire  + . .     SeeInvis .     a - +1 flail
rCold  x . .     Clarity  .     b - +0 scale mail
rNeg   . . .     rCorr    .     c - +0 shield
rPois  .         rRot     .     (helmet restricted)
rElec  .         Spirit   .     (no cloak)
SustAb .         Warding  .     m - +2 pair of gloves
rMut   .         Stasis   .     (no boots)
Gourm  .                        o - cursed amulet of faith
MR     .....                    (no ring)
                                s - ring of fire

@: lethally poisoned, drained, not resistant to hostile enchantments, extremely
unstealthy
A: retaliatory headbutt, horns 2
a: no special abilities


You were on level 7 of the Dungeon.
You were hungry.

You visited 2 branches of the dungeon, and saw 8 of its levels.
You also visited: Sewer.

You collected 221 gold pieces.

Inventory:

Hand weapons
 a - a +1 flail (weapon)
Armour
 b - a +0 scale mail (worn)
 c - a +0 shield (worn)
 g - a +0 pair of gloves
 m - a +2 pair of gloves (worn)
Comestibles
 d - 4 bread rations
 p - 2 beef jerkies
 v - 2 meat rations
 A - 3 chunks of human flesh
Scrolls
 q - 2 scrolls of remove curse
 r - a scroll of blinking
 t - a scroll of fog
 u - 2 scrolls of identify
 w - a scroll of amnesia {unknown}
 y - a scroll of recharging
 B - a scroll of immolation {unknown}
Jewellery
 o - a cursed amulet of faith (around neck)
 s - a ring of fire (left hand)
Potions
 e - a potion of flight
 f - 3 potions of brilliance
 h - 10 potions of curing
 i - a potion of resistance {unknown}
 j - 2 potions of might
 k - a potion of heal wounds {unknown}
 l - a potion of restore abilities {unknown}
 n - a potion of cure mutation
 x - a potion of agility {unknown}
 z - a potion of poison {unknown}
 C - a potion of berserk rage {unknown}


   Skills:
 * Level 7.9(7.8) Fighting
 * Level 9.1(8.9) Maces & Flails
 * Level 8.7(8.5) Armour
 - Level 3.6(3.5) Shields


You had 7 spell levels left.
You didn't know any spells.

Dungeon Overview and Level Annotations

Branches:
Dungeon (7/15)             Temple (1/1) D:5

Altars:
Ashenzari
Cheibriados
Dithmenos
Elyvilon
Fedhas
Kikubaaqudgha
Makhleb
Nemelex Xobeh
Qazlal
Sif Muna
Trog
Vehumet
Xom
Yredelemnul
Zin
The Shining One
Jiyva

Shops:
D:5 [

Annotations:
D:7 kroki's ghost, experienced DDWr


Innate Abilities, Weirdness & Mutations

You reflexively headbutt those who attack you in melee.
You have a pair of horns on your head.


Message History

Kroki's ghost barely misses you. Kroki's ghost hits you.
* * * LOW HITPOINT WARNING * * *
You are more poisoned.
You are feeling hungry.
* * * LOW HITPOINT WARNING * * *
You feel very sick.
* * * LOW HITPOINT WARNING * * *
You feel very sick.
* * * LOW HITPOINT WARNING * * *
You feel very sick. You block kroki's ghost's attack.
* * * LOW HITPOINT WARNING * * *
You feel sick.
* * * LOW HITPOINT WARNING * * *
You feel very sick.
* * * LOW HITPOINT WARNING * * *
You feel sick.
* * * LOW HITPOINT WARNING * * *
You feel sick.
You die...

... #####.......# .
#.#...####.####
#.#...####.#
###..........#
.............########
#...........##...).##
#......)............
##.#...###.###..... r
##.#.))# #@###...# .#
#......# #.#...%.#..#
#...#### #W#........#
#...# #.#....###.# #...#
#..........# #...#
####.....####
#####...#####........#
......................#
.................#.......


You could see kroki's ghost.

Vanquished Creatures
  Joseph (D:7)
  Menkaure (D:4)
  2 orc warriors
  A sky beast (D:7)
  A phantom (D:4)
  2 big kobolds (Sewer)
  A giant frog (D:6)
  A scorpion (D:5)
  A goliath beetle (D:6)
  A crimson imp (D:5)
  2 orc priests (D:5)
  A giant frog zombie (D:5)
  A hound (D:4)
  A centaur skeleton (D:6)
  A jelly (D:4)
  3 orc wizards
  2 worker ants
  2 iguanas
  A worker ant zombie (D:6)
  9 adders
  A gnoll (D:1)
  A scorpion zombie (D:5)
  A shadow imp (D:5)
  4 green rats (Sewer)
  2 giant mites
  5 worms
  3 giant geckos
  4 oozes
  23 orcs
  11 ball pythons
  10 bats
  10 goblins
  5 hobgoblins
  2 quokkas
  2 giant cockroaches
  4 giant newts
  10 jackals (D:5)
  23 kobolds
  A kobold zombie (D:7)
  A quokka zombie (D:6)
  33 rats
191 creatures vanquished.

Notes
Turn   | Place    | Note
--------------------------------------------------------------
     0 | D:1      | Heini, the Minotaur Fighter, began the quest for the Orb.
     0 | D:1      | Reached XP level 1. HP: 19/19 MP: 1/1
   129 | D:1      | Reached skill level 4 in Armour
   129 | D:1      | Reached XP level 2. HP: 22/27 MP: 1/1
   546 | D:2      | Reached XP level 3. HP: 33/33 MP: 2/2
   753 | D:2      | Found a shimmering altar of Xom.
   753 | D:2      | Found a shimmering altar of Xom.
   753 | D:2      | Found a shimmering altar of Xom.
   753 | D:2      | Found a shimmering altar of Xom.
   753 | D:2      | Found a shimmering altar of Xom.
   755 | D:2      | Found a shimmering altar of Xom.
   755 | D:2      | Found a shimmering altar of Xom.
   755 | D:2      | Found a shimmering altar of Xom.
   757 | D:2      | Found a shimmering altar of Xom.
   908 | D:2      | Reached XP level 4. HP: 38/41 MP: 2/2
  1011 | D:2      | Found an ancient bone altar of Kikubaaqudgha.
  1011 | D:2      | Found a sparkling altar of Nemelex Xobeh.
  1012 | D:2      | Found a blossoming altar of Fedhas.
  1024 | D:2      | Found a deep blue altar of Sif Muna.
  1214 | D:2      | Reached skill level 5 in Armour
  1480 | D:3      | Found a glowing drain.
  1510 | D:3      | Reached skill level 5 in Fighting
  1511 | D:3      | Reached XP level 5. HP: 29/48 MP: 2/2
  1525 | Sewer    | Entered a sewer
  1856 | Sewer    | Reached skill level 5 in Maces & Flails
  1856 | Sewer    | Reached XP level 6. HP: 38/56 MP: 3/3
  2556 | D:4      | Noticed Menkaure
  2787 | D:5      | Entered Level 5 of the Dungeon
  2991 | D:5      | Reached skill level 6 in Armour
  3108 | D:5      | Found a staircase to the Ecumenical Temple.
  3116 | Temple   | Entered the Ecumenical Temple
  3202 | D:5      | Found Klycath's Antique Armour Emporium.
  3287 | D:5      | Reached XP level 7. HP: 62/62 MP: 3/3
  3577 | D:5      | Reached skill level 7 in Armour
  4043 | D:6      | Found a blossoming altar of Fedhas.
  4510 | D:4      | Killed Menkaure
  4510 | D:4      | Reached XP level 8. HP: 48/71 MP: 3/3
  4622 | D:4      | Found a viscous altar of Jiyva.
  4702 | D:4      | Reached skill level 8 in Armour
  5036 | D:7      | Noticed Joseph
  5072 | D:7      | Killed Joseph
  5110 | D:7      | Reached skill level 9 in Maces & Flails
  5171 | D:7      | Noticed kroki's ghost (experienced DDWr)
  5195 | D:7      | HP: 3/74 [poisoned by kroki's ghost]
  5196 | D:7      | HP: 1/74 [poisoned by kroki's ghost]
  5197 | D:7      | Succumbed to kroki's ghost's poison

Action                   |  1- 3 |  4- 6 |  7- 9 || total
-------------------------+-------+-------+-------++-------
Melee: Flail             |    72 |   235 |   188 ||   495
  Use: Scroll            |       |     5 |     6 ||    11
       Potion            |       |     1 |     1 ||     2
  Eat: Chunk             |       |     8 |     6 ||    14
